 Dungeon Crawl Stone Soup version 0.20.1-1-g8b1a95d (webtiles) character file.

105296 Gargoyl the Tortoise (level 15, 0/133 HPs)
             Began as a Minotaur Abyssal Knight on July 6, 2017.
             Was the Champion of Lugonu.
             Slain by a nagaraja
             ... wielding a +0 antimagic whip
              (4 damage)
             ... on level 2 of the Snake Pit.
             The game lasted 01:26:34 (42730 turns).

Gargoyl the Tortoise (Minotaur Abyssal Knight)     Turns: 42730, Time: 01:26:35

Health: 0/133      AC: 26    Str: 23    XL:     15   Next: 94%
Magic:  1/23       EV:  4    Int:  9    God:    Lugonu [******]
Gold:   143        SH: 24    Dex: 13    Spells: 14/14 levels left

rFire    + + .     SeeInvis .   i - +2 war axe (vamp)
rCold    . . .     Gourm    .   O - +0 large shield
rNeg     . . .     Faith    .   S - +3 plate armour {rF+}
rPois    +         Spirit   .   (helmet unavailable)
rElec    .         Reflect  +   B - +0 cloak
rCorr    .         Harm     .   F - +1 pair of gloves {Str+3}
MR       +++..                  N - +0 pair of boots {Fly}
Stlth    ..........             U - amulet "Tilaipp" {Reflect MR+ SH+4}
Regen    0.4/turn               b - ring of protection from fire
MPRegen  0.2/turn               H - ring of protection from magic

@: lethally poisoned (0 -> -6), flying, constricted
A: retaliatory headbutt, horns 3, talons 1, mutation resistance 1, poison
resistance
a: Depart the Abyss, Bend Space, Banish, Corrupt, Enter the Abyss, Brand Weapon
With Distortion, Renounce Religion, Stop Flying


You were on level 2 of the Snake Pit.
You worshipped Lugonu.
Lugonu was exalted by your worship.
You were not hungry.

You visited 4 branches of the dungeon, and saw 25 of its levels.
You visited the Abyss 1 time.
You also visited: Ossuary.

You collected 2539 gold pieces.
You spent 2396 gold pieces at shops.

Inventory:

Hand Weapons
 a - a +4 hand axe
 i - a +2 vampiric war axe (weapon)
 v - a +0 trident of flaming
 G - a +3 war axe
Missiles
 C - 8 javelins (quivered)
Armour
 B - a +0 cloak (worn)
 F - a +1 pair of gloves of strength (worn)
 N - a +0 pair of boots of flying (worn)
 O - a +0 large shield (worn)
 S - a +3 plate armour of fire resistance (worn)
Jewellery
 b - a ring of protection from fire (left hand)
 d - an uncursed ring of fire
 H - a ring of protection from magic (right hand)
 K - an uncursed ring of positive energy
 U - the amulet "Tilaipp" (around neck) {Reflect MR+ SH+4}
   (You found it on level 3 of the Lair of Beasts)

   [amulet of reflection]

   It shields you and reflects attacks.
   It affects your resistance to hostile enchantments.
   It affects your SH (+4).
Wands
 t - a wand of acid (4/15)
 A - a wand of flame (24/48)
 D - a wand of acid (8/15)
 Q - a wand of lightning (14/15)
 T - a wand of digging (6/24)
Scrolls
 k - 3 scrolls of enchant armour
 q - 11 scrolls of remove curse
 r - 4 scrolls of blinking
 s - a scroll of fog
 y - 3 scrolls of amnesia
 z - 6 scrolls of recharging
 E - 4 scrolls of identify
 L - a scroll of fear
 R - 4 scrolls of teleportation
Potions
 e - 6 potions of flight
 f - 6 potions of agility
 g - 2 potions of brilliance
 h - 2 potions of haste
 m - 2 potions of cancellation
 o - a potion of invisibility {unknown}
 p - 4 potions of lignification
 u - 3 potions of berserk rage
 w - a potion of magic
 x - 5 potions of curing
 J - a potion of resistance
 P - 2 potions of ambrosia
 Y - 4 potions of might
Books
 I - a book of Transfigurations

   Spells                             Type                      Level
   a - Irradiate                      Conjuration/Transmutation    5
   b - Statue Form                    Transmutation/Earth          6
   c - Hydra Form                     Transmutation                6
   d - Dragon Form                    Transmutation                7
Comestibles
 c - 10 bread rations
 j - 7 fruits
 l - 17 royal jellies
 n - 5 meat rations


   Skills:
 + Level 12.2 Fighting
 + Level 15.8 Axes
 + Level 1.8 Throwing
 * Level 16.7 Armour
 + Level 3.3 Dodging
 + Level 15.0 Shields
 * Level 12.8 Invocations


You had 14 spell levels left.
You didn't know any spells.

Dungeon Overview and Level Annotations

Branches:
Dungeon (15/15)            Temple (0/1) D:6            Lair (6/6) D:8
 Shoals (0/4) Lair:4        Snake (2/4) Lair:2        Slime (0/5) Lair:6
    Orc (2/2) D:10            Elf (0/3) Orc:2        Vaults (0/5) D:14
 Depths: D:15

Altars:
Ashenzari
Fedhas
Gozag
Hepliaklqana
Kikubaaqudgha
Okawaru
Sif Muna
Vehumet
Xom

Shops:
D:6 =   Orc:1 *   Orc:2 [(=*:


Innate Abilities, Weirdness & Mutations

You reflexively headbutt those who attack you in melee.
You have a pair of large horns on your head.
You have sharp toenails.
You are somewhat resistant to further mutation.
Your system is resistant to poisons. (rPois)


Message History

You slash the mana viper!
You feel better.
Your headbutt misses the mana viper.
The mana viper is severely wounded.
You slash the nagaraja!
You feel better.
You feel sick. You block the nagaraja's attack. The nagaraja constricts you.
The mana viper bites you!
* * * LOW HITPOINT WARNING * * *
Unknown command.
You feel better. You block the nagaraja's attack.
* * * LOW HITPOINT WARNING * * *
The nagaraja constricts you.
The mana viper bites you but does no damage.
You closely miss the mana viper. You headbutt the mana viper!
The mana viper is almost dead.
You hit the nagaraja but do no damage.
The nagaraja gestures at you while chanting.
The poison arrow hits you!
You are poisoned.
You partially resist.
* * * LOW HITPOINT WARNING * * *
You die...

...####.#..##.....####
##......#..##...#(#
...#...........##..#
##...##..>....## #.#
#............## .#
...........#..####.#
...........##....# #
.####.......##...#.#
.# #....... #.S@..# .#
###.#..#...#N).# .....
..# ##......# ####. .
#...##..# # ....# #.#
#..### .# ... # ...


You could see a nagaraja and a mana viper.

Vanquished Creatures
  Roxanne (D:15)
  2 orc warlords (Orc:1)
  The ghost of Timinator the Geomancer, a journeyman GrEE of Vehumet (Lair:2)
  Josephine (Orc:1)
  4 naga warriors
  5 vault guards (D:14)
  Erica (D:11)
  2 centaur warriors
  3 anacondas
  3 two-headed ogres
  4 death yaks
  A shock serpent (Snake:1)
  2 naga sharpshooters (Snake:1)
  5 orc high priests
  Urug (Lair:5)
  4 skeletal warriors (D:14)
  A wizard (D:14)
  A naga ritualist (Snake:1)
  A lindwurm (Lair:6)
  Pikel (D:5)
  3 orc knights
  2 mana vipers
  2 salamanders (Snake:1)
  3 manticores
  A cyclops (D:15)
  11 elephants
  2 naga magi (Snake:1)
  A merfolk siren (Lair:4)
  16 black mambas
  An eye of devastation (Lair:6)
  4 molten gargoyles (D:14)
  2 gargoyles (D:14)
  7 spiny frogs
  An efreet (D:14)
  2 rime drakes
  4 komodo dragons
  5 trolls
  A tengu conjurer (D:14)
  3 polar bears
  2 merfolk (Lair:4)
  7 hornets
  18 blink frogs
  9 hippogriffs
  7 slime creatures
  10 wraiths
  A shadow (D:11)
  60 yaks
  2 wyverns
  14 spriggans
  5 basilisks
  A steam dragon (D:11)
  4 vampire mosquitoes (D:13)
  Menkaure (D:6)
  4 hungry ghosts
  7 nagas
  8 wargs
  22 soldier ants
  46 orc warriors
  9 water moccasins
  11 porcupines
  5 black bears
  3 ice beasts
  2 sky beasts
  17 ogres
  5 phantoms
  26 wolves
  10 centaurs
  3 boggarts (Lair:6)
  15 crocodiles
  2 big kobolds
  16 bullfrogs
  A water moccasin zombie (D:7)
  4 gnoll sergeants
  4 scorpions
  5 killer bees (D:11)
  16 wights
  2 electric eels (Lair:4)
  6 crimson imps
  2 centaur zombies
  18 orc priests
  A bullfrog zombie (D:8)
  12 jellies
  6 hounds
  Crazy Yiuf (D:7)
  3 bullfrog skeletons
  3 centaur skeletons
  Ijyb (D:5)
  4 iguanas
  24 orc wizards
  28 worker ants
  3 hound skeletons
  A howler monkey zombie (D:6)
  2 worker ant zombies (D:9)
  9 gnolls
  A howler monkey skeleton (D:10)
  14 adders
  2 shadow imps
  4 oozes
  2 adder skeletons
  An adder zombie (Ossuary)
  A worm (D:2)
  A dart slug (D:4)
  16 leopard geckos
  83 orcs
  6 giant cockroaches
  6 goblins
  7 hobgoblins
  7 jackals
  2 quokkas
  A ball python (D:5)
  2 ball python skeletons
  5 bats
  5 frilled lizards
  A hobgoblin skeleton (Ossuary)
  A hobgoblin zombie (Ossuary)
  A jackal zombie (D:7)
  12 kobolds
  A kobold zombie (Ossuary)
  A leopard gecko skeleton (D:5)
  A leopard gecko zombie (D:5)
  2 orc skeletons (Ossuary)
  2 orc zombies
  A quokka skeleton (D:5)
  4 rats
  3 fungi
819 creatures vanquished.

Vanquished Creatures (others)
  The ghost of letownia the Cleaver, a journeyman DDNe of Gozag (D:15)
  Nessos (Lair:4)
  6 hydras
  A death yak (Lair:5)
  A queen ant (D:9)
  A deep elf archer (D:14)
  A cyclops (Orc:1)
  A merfolk siren (Lair:4)
  2 spiny frogs
  2 komodo dragons
  A yaktaur (D:15)
  A phantom (D:9)
  3 centaurs
  A jelly (Lair:6)
  26 fungi
  6 plants
55 creatures vanquished.

Grand Total: 874 creatures vanquished

Notes
Turn   | Place    | Note
-------+----------+-------------------------------------------
     0 | Abyss:1  | Gargoyl the Minotaur Abyssal Knight began the quest for the Orb.
     0 | Abyss:1  | Reached XP level 1. HP: 19/19 MP: 1/1
     1 | Abyss:1  | Found a corrupted altar of Lugonu.
     8 | Abyss:1  | Found a corrupted altar of Lugonu.
    27 | Abyss:2  | Found a corrupted altar of Lugonu.
    75 | Abyss:3  | Found a corrupted altar of Lugonu.
    85 | Abyss:3  | Noticed a frost giant zombie
    91 | Abyss:3  | Found a corrupted altar of Lugonu.
    96 | Abyss:3  | Noticed a hellwing
    97 | Abyss:3  | Noticed a hellwing
    98 | Abyss:3  | Noticed a hellwing
    98 | Abyss:3  | Noticed a smoke demon
   111 | D:1      | Escaped the Abyss
   166 | D:1      | Reached * piety under Lugonu
   253 | D:1      | Reached XP level 2. HP: 21/27 MP: 2/2
   430 | D:1      | Reached skill level 3 in Armour
   735 | D:1      | Reached XP level 3. HP: 30/33 MP: 3/3
  1033 | D:2      | Reached skill level 4 in Armour
  1033 | D:2      | Reached XP level 4. HP: 28/41 MP: 4/4
  1586 | D:2      | Reached ** piety under Lugonu
  2061 | D:3      | Found a shimmering altar of Xom.
  2273 | D:3      | Found an ancient bone altar of Kikubaaqudgha.
  2624 | D:3      | Reached XP level 5. HP: 47/47 MP: 5/5
  2989 | D:4      | Reached skill level 5 in Armour
  3702 | D:4      | Noticed an ogre
  3994 | D:4      | Killed an ogre
  3994 | D:4      | Reached XP level 6. HP: 48/55 MP: 5/7
  4246 | D:5      | Entered Level 5 of the Dungeon
  4286 | D:5      | Reached skill level 5 in Fighting
  4305 | D:5      | Reached skill level 1 in Shields
  4477 | D:5      | Reached skill level 6 in Armour
  4713 | D:5      | Found an iron altar of Okawaru.
  4741 | D:5      | Found an opulent altar of Gozag.
  4827 | D:5      | Noticed Ijyb
  4843 | D:5      | Killed Ijyb
  4843 | D:5      | Reached XP level 7. HP: 61/61 MP: 8/8
  4990 | D:5      | Reached skill level 5 in Axes
  5308 | D:5      | Noticed Pikel
  5342 | D:5      | Killed Pikel
  5342 | D:5      | Reached skill level 7 in Armour
  5342 | D:5      | Reached XP level 8. HP: 55/69 MP: 8/10
  5961 | D:6      | Found a staircase to the Ecumenical Temple.
  6071 | D:6      | Noticed Menkaure
  6079 | D:6      | Killed Menkaure
  6119 | D:6      | Found Fiuforph's Jewellery Boutique.
  6471 | D:6      | Reached *** piety under Lugonu
  6978 | D:7      | Found a sand-covered staircase.
  6994 | Ossuary  | Entered an ossuary
  7070 | Ossuary  | Reached skill level 8 in Armour
  7140 | Ossuary  | Noticed a flying skull
  7174 | Ossuary  | Noticed a flying skull
  7187 | Ossuary  | Reached skill level 5 in Invocations
  7192 | Ossuary  | Noticed a flying skull
  7199 | Ossuary  | Noticed a flying skull
  7228 | Ossuary  | Reached skill level 5 in Shields
  7228 | Ossuary  | Reached XP level 9. HP: 39/75 MP: 11/11
  8309 | D:7      | Reached skill level 9 in Armour
  9009 | D:7      | Found a runed door.
  9013 | D:7      | Noticed Crazy Yiuf
  9018 | D:7      | Killed Crazy Yiuf
  9149 | D:8      | Reached **** piety under Lugonu
  9394 | D:8      | Reached skill level 1 in Throwing
  9446 | D:8      | Reached XP level 10. HP: 78/86 MP: 13/13
  9535 | D:8      | Reached skill level 10 in Armour
  9795 | D:8      | HP: 3/86 [soldier ant (8)]
  9797 | D:8      | HP: 1/86 [poisoned by a soldier ant]
 10965 | D:8      | Noticed a queen ant
 11100 | D:9      | Banished a queen ant
 11100 | D:9      | Reached skill level 10 in Axes
 11508 | D:8      | Reached skill level 11 in Armour
 11745 | D:8      | Reached XP level 11. HP: 24/93 MP: 15/15
 11770 | D:8      | HP: 4/94 [poisoned by a soldier ant]
 11778 | D:8      | HP: 4/94 [poisoned by a soldier ant]
 13055 | D:8      | Found a hazy altar of Hepliaklqana.
 13055 | D:8      | Found a radiant altar of Vehumet.
 13211 | D:8      | Found a staircase to the Lair.
 13283 | D:8      | Found a blossoming altar of Fedhas.
 13620 | Lair:1   | Entered Level 1 of the Lair of Beasts
 16414 | Lair:1   | Reached skill level 12 in Armour
 16899 | Lair:1   | Reached XP level 12. HP: 69/103 MP: 17/17
 16902 | Lair:1   | Reached ***** piety under Lugonu
 17182 | Lair:2   | Noticed a five-headed hydra
 17184 | Lair:2   | Banished a five-headed hydra
 17189 | Lair:2   | Noticed a six-headed hydra
 17190 | Lair:2   | Banished a six-headed hydra
 17190 | Lair:2   | Reached skill level 10 in Shields
 17337 | Lair:2   | Noticed Timinator's ghost (journeyman GrEE)
 17564 | Lair:2   | Killed Timinator's ghost
 18049 | Lair:2   | Found a staircase to the Snake Pit.
 19494 | Lair:2   | Reached skill level 13 in Armour
 20160 | Lair:3   | Got a faintly glowing silver amulet
 20354 | Lair:3   | Identified the amulet "Tilaipp" {Reflect MR+ SH+4} (You found it on level 3 of the Lair of Beasts)
 21223 | Lair:4   | Noticed Nessos
 21228 | Lair:4   | Killed Nessos
 21272 | Lair:4   | Identified Gauweduz's Disquisition on Flight
 22346 | Lair:4   | Reached XP level 13. HP: 91/111 MP: 19/19
 22457 | Lair:4   | Found a staircase to the Shoals.
 24207 | Lair:5   | Reached skill level 10 in Invocations
 24470 | Lair:5   | Noticed Urug
 24485 | Lair:5   | Killed Urug
 24485 | Lair:5   | Reached skill level 14 in Armour
 24714 | Lair:6   | Entered Level 6 of the Lair of Beasts
 24782 | Lair:6   | Found a staircase to the Slime Pits.
 25867 | Lair:6   | Reached skill level 10 in Fighting
 26635 | Lair:6   | Paralysed by a hornet for 1 turns
 26636 | Lair:6   | HP: 5/113 [hornet (11)]
 27488 | Lair:5   | Paralysed by a hornet for 1 turns
 28858 | Lair:6   | Reached skill level 15 in Armour
 29056 | Lair:6   | Reached XP level 14. HP: 118/122 MP: 21/21
 29787 | D:6      | Bought an uncursed ring of protection from fire for 300 gold pieces
 31441 | D:10     | Entered Level 10 of the Dungeon
 32488 | D:10     | Found a staircase to the Orcish Mines.
 32906 | D:11     | Noticed Erica
 32918 | D:11     | Killed Erica
 33840 | D:12     | Gained mutation: Your spells are a little harder to cast, but a little more powerful. [potion of mutation]
 33840 | D:12     | Gained mutation: You are partially covered in slimy green scales. (AC +2) [potion of mutation]
 33840 | D:12     | Gained mutation: Your magical capacity is low. (-10% MP) [potion of mutation]
 33840 | D:12     | Gained mutation: Your natural rate of healing is unusually fast. [potion of mutation]
 34331 | D:12     | Found a shattered altar of Ashenzari.
 36113 | D:14     | Found a gate to the Vaults.
 36178 | D:14     | Reached skill level 16 in Armour
 36489 | D:14     | Reached XP level 15. HP: 41/130 MP: 20/20
 36719 | Orc:1    | Entered Level 1 of the Orcish Mines
 37268 | Orc:1    | Reached ****** piety under Lugonu
 37287 | Orc:1    | Found Morucoe's Assorted Antiques.
 37307 | Orc:1    | Noticed Josephine
 37323 | Orc:1    | Killed Josephine
 37336 | Orc:1    | Reached skill level 15 in Axes
 37358 | Orc:1    | Bought a glowing plate armour for 754 gold pieces
 37358 | Orc:1    | Bought a scroll of teleportation for 87 gold pieces
 37738 | Orc:2    | Entered Level 2 of the Orcish Mines
 37769 | Orc:2    | Noticed an orc warlord
 37838 | Orc:1    | Killed an orc warlord
 37878 | Orc:2    | Gained mutation: You tend to lose your temper in combat. [a neqoxec]
 37916 | Orc:2    | Found Ynimahos's General Store.
 37921 | Orc:2    | Found Pumom's Jewellery Shop.
 37931 | Orc:2    | Bought an uncursed ring of protection from magic for 350 gold pieces
 37934 | Orc:2    | Found a staircase to the Elven Halls.
 38008 | Orc:2    | Lost mutation: Your magical capacity is low. (-10% MP) [potion of mutation]
 38008 | Orc:2    | Lost mutation: Your spells are a little harder to cast, but a little more powerful. [potion of mutation]
 38008 | Orc:2    | Lost mutation: You are partially covered in slimy green scales. (AC +2) [potion of mutation]
 38008 | Orc:2    | Lost mutation: You tend to lose your temper in combat. [potion of mutation]
 38008 | Orc:2    | Gained mutation: Armour fits poorly on your strangely shaped body. [potion of mutation]
 38008 | Orc:2    | Gained mutation: You heal very quickly. [potion of mutation]
 38008 | Orc:2    | Gained mutation: Your muscles are strong. (Str +2) [potion of mutation]
 38009 | Orc:2    | Lost mutation: Armour fits poorly on your strangely shaped body. [potion of mutation]
 38009 | Orc:2    | Lost mutation: You heal very quickly. [potion of mutation]
 38009 | Orc:2    | Lost mutation: Your natural rate of healing is unusually fast. [potion of mutation]
 38009 | Orc:2    | Lost mutation: Your muscles are strong. (Str +2) [potion of mutation]
 38009 | Orc:2    | Gained mutation: Your spells are a little harder to cast, but a little more powerful. [potion of mutation]
 38009 | Orc:2    | Gained mutation: You are frail. (-10% HP) [potion of mutation]
 38009 | Orc:2    | Gained mutation: You have a pair of large horns on your head. [potion of mutation]
 38009 | Orc:2    | Gained mutation: Your system is resistant to poisons. (rPois) [potion of mutation]
 38010 | Orc:2    | Lost mutation: Your spells are a little harder to cast, but a little more powerful. [potion of mutation]
 38010 | Orc:2    | Lost mutation: You are frail. (-10% HP) [potion of mutation]
 38010 | Orc:2    | Gained mutation: You have sharp toenails. [potion of mutation]
 38010 | Orc:2    | Gained mutation: You are somewhat resistant to further mutation. [potion of mutation]
 38262 | Orc:2    | Bought a potion of haste for 140 gold pieces
 38410 | Orc:2    | Found Ovvy's Book Shop.
 38451 | Orc:2    | Found Xeew's Antique Weapon Boutique.
 38463 | Orc:2    | Bought a polished war axe for 255 gold pieces
 38463 | Orc:2    | Identified the cursed +0 war axe of Irritation {drain, rF++} (You bought it in a shop on level 2 of the Orcish Mines)
 38670 | Orc:2    | Noticed an orc warlord
 38706 | Orc:1    | Killed an orc warlord
 38850 | Orc:2    | Found Zoips's Antique Armour Emporium.
 38859 | Orc:2    | Bought a pair of runed gloves for 255 gold pieces
 38859 | Orc:2    | Bought a pair of glowing boots for 255 gold pieces
 39263 | D:15     | Entered Level 15 of the Dungeon
 39345 | D:15     | Noticed Roxanne
 39374 | D:15     | Killed Roxanne
 39375 | D:15     | Identified Roxanne's Grimoire of the Rocks (You took it off Roxanne on level 15 of the Dungeon)
 39718 | D:15     | Noticed letownia's ghost (journeyman DDNe)
 39761 | D:15     | Banished letownia's ghost
 40366 | D:15     | Found a deep blue altar of Sif Muna.
 40667 | Snake:1  | Entered Level 1 of the Snake Pit
 41367 | Snake:1  | Identified a scroll of acquirement
 42451 | Snake:2  | Reached skill level 15 in Shields
 42707 | Snake:2  | Noticed a nagaraja
 42730 | Snake:2  | HP: 4/133 [nagaraja/poison arrow (21)]
 42730 | Snake:2  | Slain by a nagaraja

Skill      XL: |  1  2  3  4  5  6  7  8  9 10 11 12 13 14 15 |
---------------+----------------------------------------------+-----
Armour         | 3 4 5 6 7 8 9 11 12 13 15 16 | 16.7
Fighting       | 4 5 6 7 8 9 10 11 12 | 12.2
Axes           | 3 4 5 7 8 10 11 12 13 14 15 | 15.8
Invocations    | 2 3 4 5 6 7 8 9 11 12 | 12.8
Dodging        | 2 3 |  3.3
Shields        | 1 2 5 6 8 9 11 12 13 15 | 15.0
Throwing       | 1 |  1.8

Action                   |  1- 3 |  4- 6 |  7- 9 | 10-12 | 13-15 || total
-------------------------+-------+-------+-------+-------+-------++-------
Melee: Hand axe          |    52 |   194 |   517 |  1312 |   809 ||  2884
       Headbutt          |     8 |    31 |   109 |   288 |   557 ||   993
       Trident           |       |     5 |       |       |       ||     5
       War axe           |       |       |       |       |  1489 ||  1489
Throw: Tomahawk          |       |       |     8 |    24 |     2 ||    34
       Javelin           |       |       |       |       |     5 ||     5
Invok: Depart the Abyss  |     1 |       |       |       |       ||     1
       Banish            |       |       |       |     9 |    22 ||    31
       Bend Space        |       |       |       |     7 |       ||     7
  Use: Scroll            |     4 |     6 |     3 |    11 |    15 ||    39
       Potion            |       |       |     1 |     7 |     7 ||    15
  Eat: Chunk             |       |    12 |     9 |    32 |    43 ||    96
       Royal jelly       |       |       |     2 |     1 |     3 ||     6
       Fruit             |       |       |     5 |       |     1 ||     6
       Bread ration      |       |       |     2 |     3 |     4 ||     9
       Meat ration       |       |       |       |       |     4 ||     4
Armor: Leather armour    |     2 |       |       |       |       ||     2
       Ring mail         |    29 |    12 |       |       |       ||    41
       Scale mail        |       |    33 |       |       |       ||    33
       Chain mail        |       |    23 |       |       |       ||    23
       Plate armour      |       |    22 |   231 |   471 |   696 ||  1420
       Skin              |       |       |       |     6 |       ||     6
Dodge: Dodged            |    37 |    50 |    58 |   158 |   362 ||   665
Block: Shield            |       |    41 |   308 |   836 |   996 ||  2181
       Reflection        |       |       |    10 |    10 |   100 ||   120
       Large shield      |       |       |       |       |  1027 ||  1027
